AoeStats
← Chigüiro

Black Forest

510223201Analyzed
4v4 RM · 2d ago on Sep 30, 2026· 50m 39s· 8 players
Game mode
Random Map
Map size
Large (8 player)
Population
200
Speed
Normal
Resources
Standard
Victory
Conquest
Starting age
Dark Age
Ending age
Imperial Age
RankedLock teamsTeams togetherTeam positionsShared explorationLock speedFull tech treeHidden civsTurbo modeCheats
Victory
Defeat
🇦🇷 Gurjaras · Argentina
1733
+9
🇦🇷 Bohemians · Argentina
1667
+12
🇨🇱 Burmese · Chile
1619
+14
🇦🇷 Sicilians · Argentina
1590
+15
🇺🇸 Khitans · United States
1610
-14
🇨🇴 Poles · Colombia
1587
-13
🇺🇸 Bengalis · United States
1585
-13
🇺🇸 Teutons · United States
1511
-10
Chigüiro
8:07 Loom
12:02 Feudal Age
15:36 Castle Age
13:17 Horse Collar
13:27 Double-Bit Axe
17:01 Bow Saw
20:02 Stone Mining
23:00 Gold Mining
27:13 Imperial Age
25:36 Scale Mail Armor
27:12 Caravan
27:56 Chain Mail Armor
27:43 Capped Ram
29:37 Conscription
29:58 Plate Mail Armor
30:00 Heavy Plow
30:24 Squires
30:09 Arson
30:02 Elite Obuch
31:46 Wheelbarrow
32:00 Forging
32:43 Elite Skirmisher
33:20 Fletching
33:08 Onager
34:53 Thumb Ring
34:51 Padded Archer Armor
34:49 Bodkin Arrow
36:00 Leather Archer Armor
35:47 Bracer
36:11 Ballistics
36:52 Chemistry
40:04 Masonry
DMenisDenisTTV
0:27 Loom
17:19 Feudal Age
18:42 Double-Bit Axe
18:58 Town Watch
22:04 Horse Collar
27:29 Castle Age
29:15 Bow Saw
29:08 Heavy Plow
29:45 Wheelbarrow
29:29 Fortified Wall
29:52 Town Patrol
33:51 Hand Cart
34:09 Masonry
34:38 Elite Skirmisher
36:54 Fletching
37:05 Padded Archer Armor
Coolman916
5:43 Loom
11:40 Feudal Age
13:13 Town Watch
15:28 Castle Age
13:34 Double-Bit Axe
15:14 Horse Collar
17:41 Wheelbarrow
17:58 Bow Saw
20:59 Heavy Plow
22:54 Hand Cart
24:26 Town Watch
24:56 Gold Mining
24:58 Stone Mining
27:01 Gold Shaft Mining
30:10 Imperial Age
28:45 Fletching
28:56 Padded Archer Armor
29:46 Ballistics
30:22 Bodkin Arrow
30:43 Leather Archer Armor
30:16 Elite Elephant Archer
31:58 Chemistry
31:51 Paiks
32:07 Conscription
32:31 Bracer
33:02 Ring Archer Armor
34:15 Siege Elephant
35:19 Scale Barding Armor
37:09 Chain Barding Armor
38:27 Mahayana
38:14 Caravan
40:18 Elite Skirmisher
41:12 Bloodlines
41:03 Husbandry
41:20 Light Cavalry
43:10 Forging
43:37 Plate Barding Armor
ForceWiz
0:45 Loom
13:10 Feudal Age
17:10 Castle Age
18:47 Double-Bit Axe
18:44 Domestication
19:41 Bow Saw
25:52 Wheelbarrow
25:49 Gold Mining
26:21 Pastoralism
27:24 Stone Mining
30:53 Imperial Age
29:01 Hand Cart
29:11 Scale Mail Armor
29:27 Gambesons
29:43 Squires
29:28 Arson
30:30 Fortified Wall
30:50 Chain Mail Armor
30:59 Forging
32:23 Plate Mail Armor
31:15 Elite Fire Lancer
32:02 Town Watch
33:36 Iron Casting
34:37 Two-Man Saw
33:29 Fletching
33:55 Lamellar Armor
34:38 Transhumance
35:39 Conscription
35:46 Bodkin Arrow
36:08 Pikeman
36:57 Bracer
39:56 Siege Engineers
41:24 Ballistics
42:25 Guilds
43:13 Masonry
Savmo
1:04 Loom
11:01 Feudal Age
16:44 Castle Age
15:13 Horse Collar
19:21 Stone Mining
19:34 Heavy Plow
22:44 Wheelbarrow
22:01 Town Watch
22:34 Gold Mining
28:01 Hand Cart
30:36 Imperial Age
28:46 Scale Barding Armor
29:23 Forging
29:16 Husbandry
30:12 Bloodlines
30:24 Chain Barding Armor
30:38 Elite Battle Elephant
32:58 Plate Barding Armor
33:56 Iron Casting
34:59 Caravan
37:41 Blast Furnace
36:32 Fletching
37:51 Guilds
37:11 Crossbowman
38:06 Squires
37:27 Pikeman
37:59 Arson
38:00 Gambesons
38:18 Padded Archer Armor
38:41 Onager
42:05 Chemistry
41:34 Howdah
42:22 Scale Mail Armor
43:02 Conscription
43:19 Chain Mail Armor
42:33 Halberdier
47:51 Hand Cart
47:37 Town Patrol
47:04 Spies/Treason
49:07 Crop Rotation
48:04 Cavalier
48:05 Light Cavalry
48:10 Heavy Scorpion
48:10 Capped Ram
48:57 Manipur Cavalry
48:19 Elite Arambai
49:05 Manipur Cavalry
48:29 Man-at-Arms
49:40 Parthian Tactics
48:38 Elite Skirmisher
49:47 Bodkin Arrow
50:22 Plate Mail Armor
49:16 Long Swordsman
50:07 Town Patrol
50:48 Gold Shaft Mining
50:41 Ballistics
50:15 Heavy Cavalry Archer
[Gaucho]Batata
0:46 Loom
11:29 Feudal Age
12:04 Double-Bit Axe
12:11 Horse Collar
17:33 Castle Age
18:29 Bow Saw
18:20 Heavy Plow
23:40 Wheelbarrow
24:56 Gold Mining
25:44 Hand Cart
27:05 Gold Shaft Mining
26:22 Stone Mining
30:35 Imperial Age
28:26 Town Watch
29:05 Ballistics
28:27 Treadmill Crane
29:08 Ballistics
29:06 Fletching
29:17 Padded Archer Armor
29:45 Bodkin Arrow
30:23 Thumb Ring
31:18 Bracer
32:24 Chemistry
31:33 Elite Elephant Archer
33:28 Leather Archer Armor
33:35 Conscription
34:59 Caravan
36:03 Bloodlines
35:56 Husbandry
36:34 Kshatriyas
39:45 Frontier Guards
40:10 Coinage
41:04 Banking
44:29 Masonry
47:23 Spies/Treason
niap_cinorhc
6:49 Loom
11:27 Feudal Age
15:03 Castle Age
13:12 Horse Collar
13:18 Double-Bit Axe
16:32 Bow Saw
16:22 Heavy Plow
23:28 Wheelbarrow
22:40 Town Watch
28:02 Imperial Age
26:48 Hand Cart
28:21 Chemistry
28:24 Padded Archer Armor
27:51 Pikeman
29:07 Scale Mail Armor
29:19 Forging
30:33 Two-Man Saw
29:37 Squires
28:59 Halberdier
31:31 Conscription
31:27 Chain Mail Armor
31:51 Iron Casting
31:19 Caravan
31:33 Guilds
31:21 Capped Ram
33:16 Plate Mail Armor
33:48 Blast Furnace
32:19 Houfnice
33:56 Masonry
33:52 Siege Engineers
34:15 Ballistics
42:08 Coinage
42:42 Architecture
47:39 Spies/Treason
[Gaucho]El_Guille
11:54 Feudal Age
15:41 Castle Age
13:37 Double-Bit Axe
16:44 Bow Saw
16:21 Horse Collar
18:05 Heavy Plow
23:05 Wheelbarrow
22:17 Loom
24:28 Hand Cart
25:06 Gold Mining
25:08 Stone Mining
26:03 Loom
29:44 Imperial Age
27:00 Loom
27:28 Scale Mail Armor
28:17 Forging
28:51 Chain Mail Armor
29:37 Iron Casting
29:04 Pikeman
29:45 Squires
29:30 Arson
31:00 Plate Mail Armor
29:51 Halberdier
29:55 Capped Ram
30:44 Caravan
31:27 Gold Shaft Mining
30:50 Siege Ram
33:00 Blast Furnace
32:13 Fletching
33:27 Chemistry
32:15 Onager
33:13 Padded Archer Armor
34:21 Siege Engineers
35:52 Bodkin Arrow
37:03 Ballistics
36:55 Masonry
36:47 Bracer
36:58 Siege Onager
37:59 Arrowslits
39:10 Gambesons
40:12 Murder Holes
41:57 Elite Serjeant
42:58 Conscription
43:02 First Crusade
42:48 Hauberk
43:59 Hoardings
46:32 Crop Rotation
Connection lost

Rejoining the realm…

Still unreachable

The connection could not be restored.

Session expired

The server has moved on; the page needs a fresh start.